 Dungeon Crawl Stone Soup version 0.30-a0-1053-gbd8d5ba0ad (webtiles) character file.

Game seed: 12688230909800246343

152 GigaChad the Shield-Bearer (level 5, -2/42 HPs)
             Began as a Formicid Fighter on Apr 12, 2023.
             Slain by a gnoll
             ... wielding a +0 spear
              (7 damage)
             ... on level 4 of the Dungeon.
             The game lasted 00:03:57 (2048 turns).

GigaChad the Shield-Bearer (Formicid Fighter)       Turns: 2048, Time: 00:03:57

Health: -2/42      AC:  7    Str: 22    XL:     5   Next: 60%
Magic:  5/5        EV:  9    Int:  8    God:
Gold:   209        SH:  5    Dex: 13    Spells: 4/4 levels left

rFire   . . .      SeeInvis +    a - +0 war axe
rCold   . . .      Faith    .    c - +0 buckler
rNeg    . . .      Spirit   .    b - +0 scale mail
rPois   .          Reflect  .    (helmet unavailable)
rElec   .          Rampage  .    (no cloak)
rCorr   .                        (no gloves)
Will    .....                    (no boots) Stlth
                                 (no amulet)
HPRegen 0.27/turn                i - +4 ring of slaying
MPRegen 0.09/turn                (no ring)

@: no status effects
A: permanent stasis, dig shafts and tunnels, antennae 3, four strong arms
a: Dig, Shaft Self


You were on level 4 of the Dungeon.
You visited 1 branch of the dungeon, and saw 4 of its levels.

You collected 209 gold pieces.

Inventory:

Hand Weapons
 a - a +0 war axe (weapon)
Armour
 b - a +0 scale mail (worn)
 c - a +0 buckler (worn)
Jewellery
 g - an amulet of faith
 i - a +4 ring of slaying (left hand)
 m - the amulet of Elemental Vulnerability {rPois rF-- rC-- AC+8}
   (You found it on level 2 of the Dungeon)

   [amulet of nothing]

   AC:        It affects your AC (+8).
   rF:        It makes you very vulnerable to fire.
   rC:        It makes you very vulnerable to cold.
   rPois:     It protects you from poison.
Scrolls
 e - 2 scrolls of teleportation
 f - a scroll of identify
 j - a scroll of vulnerability
 l - 2 scrolls of fear {unknown}
 n - a scroll of fog {unknown}
Potions
 d - 3 potions of might
 h - a potion of curing {unknown}
 k - a potion of heal wounds {unknown}
 o - a potion of mutation {unknown}
 p - a potion of magic {unknown}
 q - a potion of ambrosia {unknown}
 r - a potion of invisibility {unknown}


   Skills:
 * Level 4.0 Fighting
 * Level 3.8 Axes
 * Level 4.0 Armour
 - Level 0.7 Dodging
 - Level 0.2 Stealth
 * Level 4.6 Shields


You had 4 spell levels left.
You didn't know any spells.
Your spell library contained the following spells:

 Spells                   Type           Power      Damage    Failure   Level
 Sublimation of Blood     Necr           0%         N/A       90%         2
 Wereblood                Tmut           0%         N/A       90%         2
 Call Canine Familiar     Summ           0%         N/A       99%         3
 Portal Projectile        Hex/Tloc       0%         N/A       99%         3
 Leda's Liquefaction      Hex/Erth       0%         N/A       100%        4
 Summon Hydra             Summ           0%         N/A       100%        7


Dungeon Overview and Level Annotations

Branches:
Dungeon (4/15)
 Temple: D:4-7

Altars:


Innate Abilities, Weirdness & Mutations

You cannot be hasted, slowed, berserked, paralysed or teleported.
You can dig through walls and to a lower floor.
You have a pair of large antennae on your head. (SInv)
Your four strong arms can wield two-handed weapons with a shield.


Message History

You completely miss the gnoll.
The gnoll hits you from afar with a +0 spear.
You block the gnoll's attack.
Unknown command.
You barely miss the gnoll.
The gnoll is moderately wounded.
The gnoll closely misses you. The gnoll hits you with a +0 club!
You barely miss the gnoll.
The gnoll is moderately wounded.
The gnoll closely misses you. x2; The gnoll hits you but does no damage.
The gnoll closely misses you.
Unknown command.
You closely miss the gnoll.
The gnoll is moderately wounded.
The gnoll hits you from afar with a +0 spear.
The gnoll hits you with a +0 club.
Unknown command.
Unknown command.
You are too injured to fight recklessly!
You barely miss the gnoll.
The gnoll is moderately wounded.
You block the gnoll's attack. The gnoll closely misses you.
You hit the gnoll.
The gnoll is heavily wounded.
The gnoll hits you but does no damage. The gnoll closely misses you.
The gnoll barely misses you. The gnoll hits you with a +0 club.
* * * LOW HITPOINT WARNING * * *
You hit the gnoll.
The gnoll is severely wounded.
The gnoll hits you from afar with a +0 spear.
* * * LOW HITPOINT WARNING * * *
The gnoll hits you with a +0 club.
* * * LOW HITPOINT WARNING * * *
You hit the gnoll.
You kill the gnoll!
The gnoll hits you from afar with a +0 spear.
* * * LOW HITPOINT WARNING * * *
Your Armour skill increases to level 4!
The gnoll hits you from afar with a +0 spear!
You die...

..................#
...................#
....................##
...................#
...................#
..................#
................##
...............#
........@.)..#
.......)....#
.....##.g...# .....
#.....#{ .... .>....#
... .......# .
.......+ .##.....#


You could see a gnoll.

Vanquished Creatures
  Robin (D:2)
  3 gnolls (D:4)
  3 adders (D:2)
  A worm (D:2)
  2 dart slugs (D:1)
  An orc (D:3)
  7 endoplasms
  5 giant cockroaches
  13 goblins
  7 hobgoblins
  3 jackals (D:1)
  3 quokkas
  6 ball pythons
  3 bats
  6 frilled lizards
  3 kobolds
  8 rats
75 creatures vanquished.

Notes
Turn   | Place    | Note
-------+----------+-------------------------------------------
     0 | D:1      | GigaChad the Formicid Fighter began the quest for the Orb.
     0 | D:1      | Reached XP level 1. HP: 18/18 MP: 1/1
   122 | D:1      | Reached XP level 2. HP: 21/24 MP: 2/2
   202 | D:1      | Reached XP level 3. HP: 24/29 MP: 3/3
   900 | D:2      | Noticed Robin
   907 | D:2      | Reached XP level 4. HP: 25/36 MP: 4/4
   916 | D:2      | Killed Robin
  1204 | D:2      | Found the amulet of Elemental Vulnerability {rPois rF--
                  | rC-- AC+8}
  1305 | D:2      | Reached XP level 5. HP: 42/42 MP: 5/5
  2048 | D:4      | Slain by a gnoll

Illustrated notes

Levels and vault maps discovered:
D:1:      amcnicky_arrival_blooded_trapdoor, layout_basic,
          minmay_stone_trees_small
D:2:      layout_basic, uniq_robin
D:3:      layout_basic, minivault_19
D:4:      layout_gridville, kennysheep_windowed_goal

Skill      XL: |  1  2  3  4  5 |
---------------+----------------+-----
Axes           | 3 |  3.8
Fighting       | 4 |  4.0
Armour         | 4 |  4.0
Dodging        | |  0.7
Stealth        | |  0.2
Shields        | |  4.6

Action                     |  1- 3 |  4- 6 || total
---------------------------+-------+-------++-------
  Melee: War axe           |    90 |    72 ||   162
Ability: Dig               |     2 |       ||     2
    Use: Scroll            |     1 |     4 ||     5
 Armour: Scale mail        |    48 |    36 ||    84
  Dodge: Dodged            |    46 |    46 ||    92
  Block: Buckler           |    29 |    17 ||    46

Table legend: (Time is in decaauts)
 A = Elapsed time spent in this place.
 B = Non-inter-level travel time spent in this place.
 C = Inter-level travel time spent in this place.
 D = Time resting spent in this place.
 E = Time spent auto-exploring this place.
 F = Levels seen in this place.
 G = Mean time per level.
                   A        B        C        D        E       F      G
               +--------+--------+--------+--------+--------+-----+--------+
         Total |   2107 |   2043 |     64 |    216 |   1281 |   4 |  526.8 |
       Dungeon |   2107 |   2043 |     64 |    216 |   1281 |   4 |  526.8 |
               +--------+--------+--------+--------+--------+-----+--------+

Top non-repeatable levels by time:
     D:2: 876 daAuts
     D:1: 729 daAuts
     D:3: 456 daAuts
     D:4: 44 daAuts
